 Dungeon Sprint DCSS version 0.16.2-12-gd0ad4c3 (webtiles) character file.

88 Ponchio the Prestidigitator (level 4, -1/24 HPs)
             Began as a Deep Elf Fire Elementalist on Nov 9, 2015.
             Was an Initiate of Vehumet.
             Shot with a bolt by a yaktaur (18 damage)
             ... in the Dungeon (Sprint V: "Ziggurat Sprint").
             The game lasted 00:02:37 (101 turns).

Ponchio the Prestidigitator (DEFE)                   Turns: 101, Time: 00:02:37

Health: -1/24      AC: 25    Str:  5    XL:     4   Next: 30%
Magic:  18/23      EV: -4    Int: 27    God:    Vehumet [......]
Gold:   0          SH:  0    Dex: 27    Spells: 1 memorised, 13 levels left

rFire  . . .     SeeInvis .     J - +6 Majin-Bo {vamp, Archmagi MP+6 Int+6}
rCold  . . .     Clarity  .     K - +15 Maxwell's patent armour {-Cast -Tele rElec MR+ rCorr} (curse)
rNeg   . . .     SustAb   .     (no shield)
rPois  .         Gourm    .     (no helmet)
rElec  +         Spirit   .     (no cloak)
rCorr  +         Warding  .     (no gloves)
rMut   .         NoTele   +     (no boots)
MR     +....     NoCast   +     (no amulet)
Stlth  ..........               A - +6 ring of dexterity
                                y - +6 ring of dexterity

@: somewhat resistant to hostile enchantments, extremely unstealthy
A: no striking features
a: Renounce Religion


You were in the Dungeon.
You worshipped Vehumet.
Vehumet was noncommittal.
You were not hungry.

You visited 1 branch

Inventory:

Hand weapons
 J - the +6 Majin-Bo (weapon) {vamp, Archmagi MP+6 Int+6}
   (You found it in the Dungeon)

   It inflicts no extra harm, but heals its wielder somewhat when it strikes a
   living foe.
   It affects your intelligence (+6).
   It affects your magic capacity (+6).
Armour
 a - a +0 robe
 K - the cursed +15 Maxwell's patent armour (worn) {-Cast -Tele rElec MR+ rCorr}
   (You found it in the Dungeon)

   It insulates you from electricity.
   It affects your resistance to hostile enchantments.
   It prevents spellcasting.
   It prevents most forms of teleportation.
   It protects you from acid and corrosion.
   It has a curse placed upon it.
Jewellery
 y - a +6 ring of dexterity (left hand)
 A - a +6 ring of dexterity (right hand)
 B - a +6 ring of intelligence
 C - a +6 ring of intelligence
 D - a +6 ring of strength
 E - a +6 ring of strength
Magical devices
 F - a wand of disintegration (4)
 G - a wand of fire (5)
 H - a wand of cold (5)
 I - a wand of draining (5)
Scrolls
 i - 4 scrolls of blinking
 q - 4 scrolls of amnesia
 r - 3 scrolls of recharging
 s - 7 scrolls of fog
 t - a scroll of holy word
 u - 5 scrolls of identify
 v - 5 scrolls of remove curse
 w - 2 scrolls of fear
Potions
 d - 9 potions of curing
 e - 10 potions of heal wounds
 f - 6 potions of haste
 g - 7 potions of magic
 h - 3 potions of berserk rage
 j - 2 potions of brilliance
 k - 2 potions of invisibility
 l - 2 potions of restore abilities
 m - 4 potions of resistance
 o - 5 potions of agility
 p - 5 potions of might
Books
 b - a book of Flames

   Spells                             Type                      Level
   a - Flame Tongue                   Conjuration/Fire             1
   b - Throw Flame                    Conjuration/Fire             2
   c - Conjure Flame                  Conjuration/Fire             3
   d - Inner Flame                    Hexes/Fire                   3
   e - Sticky Flame                   Conjuration/Fire             4
   f - Fireball                       Conjuration/Fire             5
Comestibles
 c - 5 bread rations
 x - 40 fruits
 z - 4 meat rations


   Skills:
 + Level 5.1 Dodging
 - Level 2.4 Stealth
 + Level 5.8 Spellcasting
 + Level 4.1 Conjurations
 - Level 3.2 Fire Magic
 - Level 8.8 Evocations


You had 13 spell levels left.
You knew the following spells:

 Your Spells              Type           Power        Failure   Level  Hunger
a - Flame Tongue          Conj/Fire      #####        100%        1    None


Dungeon Overview and Level Annotations

Branches:
Dungeon (1/1)

Altars:
Ashenzari
Cheibriados
Dithmenos
Elyvilon
Fedhas
Gozag
Kikubaaqudgha
Makhleb
Nemelex Xobeh
Okawaru
Qazlal
Ru
Sif Muna
Trog
Vehumet
Xom
Yredelemnul
Zin
The Shining One
Beogh
Jiyva
Lugonu


Message History

You feel clever.
This wand has 6 charges left.
The yaktaur wields an arbalest.
The yaktaur shoots a bolt.
The bolt hits you but does no damage.
Evoke which item? (* to show all) (? for menu, Esc to quit)
Zapping:
F - a wand of disintegration (6)
Press: ? - help, Shift-Dir - straight line, f - yaktaur
Aim: a yaktaur, wielding an arbalest (chance 73%)
The yaktaur struggles to resist.
This wand has 5 charges left.
The yaktaur shoots a bolt.
The bolt hits you!
Ouch! That really hurt!
Drink which item? (? for menu, Esc to quit)
You feel better.
Evoke which item? (* to show all) (? for menu, Esc to quit)
Zapping:
F - a wand of disintegration (5)
Press: ? - help, Shift-Dir - straight line, f/p - yaktaur
Aim: a yaktaur, wielding an arbalest (chance 73%)
The yaktaur is blasted.
This wand has 4 charges left.
The yaktaur shoots a bolt.
The bolt hits you!!
Ouch! That really hurt!
You die...

▓▓▓▓▓▓▓
▓.8©8.▓
▓.....▓
▓.).".▓
▓..c..▓
▓.....▓
▓..@..▓
▓▓▓▓▓▓▓


You could see a yaktaur.

Vanquished Creatures
  A centaur (D)
1 creature vanquished.

Notes
Turn   | Place    | Note
--------------------------------------------------------------
     0 | D        | Ponchio, the Deep Elf Fire Elementalist, began the quest for the Orb.
     0 | D        | Reached XP level 1. HP: 10/10 MP: 5/5
     0 | D        | Found a viscous altar of Jiyva.
     0 | D        | Found a corrupted altar of Lugonu.
     0 | D        | Found a white marble altar of Elyvilon.
     1 | D        | Found a burning altar of Makhleb.
     1 | D        | Found an iron altar of Okawaru.
     3 | D        | Found a sparkling altar of Nemelex Xobeh.
     3 | D        | Found a basalt altar of Yredelemnul.
     3 | D        | Found a deep blue altar of Sif Muna.
     3 | D        | Found a radiant altar of Vehumet.
     7 | D        | Found a bloodstained altar of Trog.
    22 | D        | Found a shimmering altar of Xom.
    30 | D        | Became a worshipper of Vehumet
    96 | D        | Reached skill level 8 in Evocations
    96 | D        | Reached XP level 2. HP: 15/15 MP: 8/8
    97 | D        | Entered arena 1.
    97 | D        | Noticed a centaur
    97 | D        | Noticed a yaktaur
    98 | D        | Killed a centaur
    98 | D        | Reached skill level 5 in Dodging
    98 | D        | Reached skill level 5 in Spellcasting
    98 | D        | Reached XP level 3. HP: 19/19 MP: 14/14
    98 | D        | Reached XP level 4. HP: 24/24 MP: 17/17
   101 | D        | Shot with a bolt by a yaktaur

Action                   |  1- 3 |  4- 6 || total
-------------------------+-------+-------++-------
Evoke: Wand              |       |     3 ||     3
  Use: Potion            |     1 |     1 ||     2
  Eat: Fruit             |     2 |       ||     2
